 Dungeon Crawl Stone Soup version 0.19.0-2-gae57169 (webtiles) character file.

582 Letos the Shield-Bearer (level 7, -4/56 HPs)
             Began as a Formicid Fighter on Nov 3, 2016.
             Slain by an iguana (8 damage)
             ... on level 5 of the Dungeon.
             The game lasted 00:04:54 (4091 turns).

Letos the Shield-Bearer (Formicid Fighter)          Turns: 4091, Time: 00:04:54

Health: -4/56      AC: 12    Str: 20    XL:     7   Next: 63%
Magic:  7/7        EV:  5    Int:  8    God:
Gold:   264        SH: 10    Dex: 15    Spells: 0 memorised, 6 levels left

rFire  + . .     SeeInvis +     a - +0 long sword
rCold  . . .     Gourm    .     y - +0 plate armour
rNeg   . . .     Faith    .     c - +0 shield
rPois  .         Spirit   .     (helmet unavailable)
rElec  .         Reflect  .     (no cloak)
rCorr  .         Harm     .     m - +0 pair of gloves
MR     .....                    (no boots)
Stlth  ..........               (no amulet)
                                x - ring of protection from fire
                                r - +3 ring of dexterity

@: no status effects
A: permanent stasis, dig shafts and tunnels, four strong arms, antennae 3
a: Dig, Shaft Self


You were on level 5 of the Dungeon.
You were hungry.

You visited 1 branch of the dungeon, and saw 5 of its levels.

You collected 264 gold pieces.

Inventory:

Hand Weapons
 a - a +0 long sword (weapon)
Armour
 c - a +0 shield (worn)
 m - a +0 pair of gloves (worn)
 y - a +0 plate armour (worn)
Jewellery
 r - a +3 ring of dexterity (left hand)
 x - a ring of protection from fire (right hand)
 C - an uncursed ring of resist corrosion {unknown}
 E - an uncursed amulet of harm {unknown}
Scrolls
 e - a scroll of blinking {unknown}
 g - 2 scrolls of remove curse {unknown}
 i - a scroll of identify
 k - 2 scrolls of enchant weapon {unknown}
 s - 2 scrolls of noise {unknown}
 t - 3 scrolls of immolation {unknown}
 u - a scroll of magic mapping {unknown}
 v - 2 scrolls of fear {unknown}
 w - 4 scrolls of amnesia {unknown}
 A - 2 scrolls of fog {unknown}
Potions
 b - a potion of cure mutation {unknown}
 d - a potion of might
 h - 3 potions of curing
 j - 2 potions of lignification
 l - a potion of mutation {unknown}
 n - 2 potions of degeneration {unknown}
 o - 2 potions of haste {unknown}
 q - a potion of cancellation {unknown}
 z - a potion of berserk rage {unknown}
 B - 2 potions of brilliance {unknown}
 D - a potion of flight {unknown}
Comestibles
 f - 2 bread rations
 p - 3 meat rations


   Skills:
 + Level 5.3 Fighting
 * Level 5.5 Long Blades
 - Level 3.2 Armour
 + Level 6.0 Shields


You had 6 spell levels left.
You didn't know any spells.

Dungeon Overview and Level Annotations

Branches:
Dungeon (5/15)
 Temple: D:4-7

Altars:


Innate Abilities, Weirdness & Mutations

You are under a permanent stasis effect.
You can dig through walls and to a lower floor.
Your four strong arms can wield two-handed weapons with a shield.
You have a pair of large antennae on your head. (SInv)


Message History

* * * LOW HITPOINT WARNING * * *
You slash the iguana!
The iguana is severely wounded.
The iguana bites you.
* * * LOW HITPOINT WARNING * * *
The iguana barely misses you.
You hit the iguana but do no damage.
The iguana is severely wounded.
The iguana bites you.
* * * LOW HITPOINT WARNING * * *
Your plate armour prevents you from hitting the iguana.
The iguana is severely wounded.
You block the iguana's attack.
You barely miss the iguana.
The iguana is severely wounded.
You block the iguana's attack.
You closely miss the iguana.
The iguana is severely wounded.
The iguana bites you!
You die...

#.# .. #.# #..## #.
#. #. #.# ##...# ##.
.# #.#
#..#.#########.. #.#
##.##.#...).....#
#..##.#........##
#.###.#........# #.#
#.#........##
##.###.######.....
#@l.##.. ###### ###.#
# #.# # #.# # #l### #
{ #.).# #..#######
#.......l.......<..
....#######.###.#####
... # >


You could see an iguana.

Vanquished Creatures
  An ice beast (D:5)
  An ogre (D:5)
  3 scorpions
  A hound (D:5)
  An iguana (D:5)
  2 orc wizards (D:5)
  7 adders
  An ooze (D:3)
  5 worms
  2 dart slugs
  A leopard gecko (D:2)
  3 orcs (D:5)
  2 ball pythons (D:3)
  6 bats
  5 giant cockroaches
  10 goblins
  4 hobgoblins
  4 jackals
  2 quokkas
  A frilled lizard (D:1)
  A jackal skeleton (D:4)
  6 kobolds
  5 rats
74 creatures vanquished.

Notes
Turn   | Place    | Note
-------+----------+-------------------------------------------
     0 | D:1      | Letos the Formicid Fighter began the quest for the Orb.
     0 | D:1      | Reached XP level 1. HP: 18/18 MP: 1/1
   106 | D:1      | Reached XP level 2. HP: 23/24 MP: 2/2
   263 | D:1      | Reached skill level 4 in Shields
   512 | D:1      | Reached XP level 3. HP: 21/29 MP: 3/3
  1368 | D:2      | Found a faded altar of an unknown god.
  1387 | D:2      | HP: 1/30 [worm (8)]
  1704 | D:2      | Reached XP level 4. HP: 37/37 MP: 4/4
  2496 | D:3      | Reached XP level 5. HP: 41/42 MP: 5/5
  3089 | D:4      | Reached skill level 5 in Shields
  3111 | D:4      | Reached XP level 6. HP: 47/49 MP: 6/6
  3442 | D:5      | Entered Level 5 of the Dungeon
  3718 | D:5      | Noticed an ice beast
  3739 | D:5      | Killed an ice beast
  3739 | D:5      | Reached XP level 7. HP: 55/55 MP: 7/7
  3745 | D:5      | Reached skill level 5 in Fighting
  3745 | D:5      | Reached skill level 5 in Long Blades
  4054 | D:5      | Reached skill level 6 in Shields
  4091 | D:5      | Slain by an iguana

Skill      XL: |  1  2  3  4  5  6  7 |
---------------+----------------------+-----
Shields        | 4 5 6 |  6.0
Fighting       | 4 5 |  5.3
Long Blades    | 3 4 5 |  5.5
Armour         | |  3.2

Action                   |  1- 3 |  4- 6 |  7- 9 || total
-------------------------+-------+-------+-------++-------
Melee: Long sword        |   129 |   141 |    45 ||   315
 Abil: Dig               |     1 |     2 |       ||     3
  Use: Scroll            |       |     2 |       ||     2
       Potion            |       |     2 |       ||     2
  Eat: Chunk             |     3 |     6 |     1 ||    10
Armor: Scale mail        |    63 |    29 |       ||    92
       Plate armour      |       |    30 |    12 ||    42
Dodge: Dodged            |    33 |    34 |     6 ||    73
Block: Shield            |    75 |    75 |    13 ||   163
       Rpst.: Long sword |     9 |    10 |       ||    19
